 Dungeon Crawl Stone Soup version 0.32-a0-441-gaf4921d101 (webtiles) character file.

Game seed: 16696611270337094720

269 Essalna the Digger (level 6, -3/32 HPs)
             Began as a Gargoyle Earth Elementalist on Feb 23, 2024.
             Was an Initiate of Vehumet.
             Slain by a wyvern (4 damage)
             ... on level 4 of the Dungeon.
             The game lasted 00:04:30 (3260 turns).

Essalna the Digger (Gargoyle Earth Elementalist)    Turns: 3260, Time: 00:04:31

Health: -3/32      AC:  7    Str: 11    XL:     6   Next: 22%
Magic:  5/11       EV: 11    Int: 22    God:    Vehumet [......]
Gold:   52         SH:  4    Dex: 10    Spells: 7/11 levels left

rFire   . . .        i - +2 dagger (venom)
rCold   . . .        m - +0 buckler
rNeg    + . .        s - +0 robe of Murocw {Int+4}
rPois   ∞            (no helmet)
rElec   +            (no cloak)
rCorr   .            h - +0 pair of gloves
SInv    .            (no boots)
Will    .....        (no amulet)
Stlth   ++           (no ring)
HPRegen 0.25/turn    (no ring)
MPRegen 0.12/turn

%: no passive effects
@: no status effects
A: sickness immunity, AC +4, negative energy resistance 1, electricity
resistance, torment resistance 1, petrification resistance
a: Renounce Religion


You were on level 4 of the Dungeon.
You worshipped Vehumet.
Vehumet was noncommittal.
You visited 1 branch of the dungeon, and saw 4 of its levels.

You collected 52 gold pieces.

Inventory:

Hand Weapons
 d - a +0 quarterstaff
 i - a +2 dagger of venom (weapon)
Armour
 a - a +0 robe
 h - a +0 pair of gloves (worn)
 m - a +0 buckler (worn)
 s - the +0 robe of Murocw (worn) {Int+4}
   (You found it on level 3 of the Dungeon)

   Int+4:     It affects your intelligence (+4).
Jewellery
 u - a ring of fire
Wands
 r - a wand of flame (36)
Scrolls
 c - 5 scrolls of identify {unknown}
 e - a scroll of enchant armour {unknown}
 k - 2 scrolls of teleportation {unknown}
 l - a scroll of revelation {unknown}
 o - 2 scrolls of immolation {unknown}
 q - 2 scrolls of noise {unknown}
Potions
 b - a potion of magic
 f - 2 potions of curing {unknown}
 g - a potion of might {unknown}
 j - a potion of heal wounds {unknown}
 n - a potion of resistance {unknown}
 p - a potion of haste {unknown}
 t - a potion of ambrosia {unknown}


   Skills:
 - Level 1.5 Dodging
 - Level 2.1 Stealth
 + Level 2.5 Shields
 + Level 3.4 Spellcasting
 + Level 3.4 Conjurations
 + Level 5.2 Earth Magic


You had 7 spell levels left.
You knew the following spells:

 Your Spells              Type           Power      Damage    Failure   Level
a - Sandblast             Erth           52%        2d12      1%          1
b - Stone Arrow           Conj/Erth      44%        3d9       9%          3

Your spell library contained the following spells:

 Spells                   Type           Power      Damage    Failure   Level
 Passwall                 Erth           26%        N/A       6%          3
 Hailstorm                Conj/Ice       11%        3d6       26%         3
 Brom's Barrelling Bould  Conj/Erth      22%        2d4       28%         4
 Ozocubu's Armour         Ice            3%         N/A       45%         3
 Summon Ice Beast         Ice/Summ       3%         N/A       45%         3
 Petrify                  Alch/Erth      15%        N/A       50%         4
 Metabolic Englaciation   Hex/Ice        1%         N/A       99%         5
 Sculpt Simulacrum        Ice/Alch       1%         N/A       100%        6


Dungeon Overview and Level Annotations

Branches:
Dungeon (4/15)
 Temple: D:4-7

Altars:
Dithmenos
Fedhas
Vehumet
Wu Jian


Innate Abilities, Weirdness & Mutations

You are immune to sickness and miasma.
Your stone body is resilient. (AC +4)
You are immune to poison.
You resist negative energy. (rN+)
You are resistant to electric shocks. (rElec)
You are resistant to unholy torment.
You are immune to petrification.


Message History

The wyvern is heavily wounded.
The wyvern bites you but does no damage.
The wyvern barely misses you. You block the wyvern's attack.
Casting: Sandblast (safe; 1% risk of failure)
Confirm with . or Enter, or press ? or * to list all spells.
Aiming: Sandblast (safe; 1% risk of failure)
Press: ? - help, Shift-Dir - straight line, f/p - wyvern
Aim: a wyvern (heavily wounded, 83% to hit)
The blast of sand hits the wyvern.
The wyvern is heavily wounded.
The wyvern barely misses you. The wyvern bites you!
* * * LOW HITPOINT WARNING * * *
Casting: Sandblast (safe; 1% risk of failure)
Confirm with . or Enter, or press ? or * to list all spells.
Aiming: Sandblast (safe; 1% risk of failure)
Press: ? - help, Shift-Dir - straight line, f/p - wyvern
Aim: a wyvern (heavily wounded, 83% to hit)
The blast of sand hits the wyvern!
The wyvern is almost dead.
The wyvern closely misses you.
The wyvern bites you but does no damage.
Casting: Sandblast (safe; 1% risk of failure)
Confirm with . or Enter, or press ? or * to list all spells.
Aiming: Sandblast (safe; 1% risk of failure)
Press: ? - help, Shift-Dir - straight line, f/p - wyvern
Aim: a wyvern (almost dead, 83% to hit)
The blast of sand hits the wyvern but does no damage.
The wyvern is almost dead.
The wyvern bites you!
* * * LOW HITPOINT WARNING * * *
The wyvern barely misses you.
Casting: Sandblast (safe; 1% risk of failure)
Confirm with . or Enter, or press ? or * to list all spells.
Aiming: Sandblast (safe; 1% risk of failure)
Press: ? - help, Shift-Dir - straight line, f/p - wyvern
Aim: a wyvern (almost dead, 83% to hit)
The blast of sand hits the wyvern.
The wyvern is almost dead.
The wyvern bites you.
You die...

#.## ######............
#..####...##..##........
##...##.................
###........#.##........
#####......... .###
#...........#
#.####..##### #..## #@##
#k# ... ..... .......
#......## #.....##
#.....#


You could see a wyvern.

Vanquished Creatures
  An orc warrior (D:4)
  A phantom (D:4)
  3 adders
  A dart slug (D:2)
  2 ribbon worms (D:2)
  7 orcs (D:3)
  3 ball pythons
  7 endoplasms
  4 giant cockroaches
  2 goblins
  5 hobgoblins
  6 kobolds
  3 quokkas
  4 bats
  3 frilled lizards
  5 rats
57 creatures vanquished.

Notes
Turn   | Place    | Note
-------+----------+-------------------------------------------
     0 | D:1      | Essalna the Gargoyle Earth Elementalist began the quest for
                  | the Orb.
     0 | D:1      | Reached XP level 1. HP: 10/10 MP: 3/3
   291 | D:1      | Reached XP level 2. HP: 15/15 MP: 1/5
   791 | D:1      | Reached skill level 4 in Earth Magic
  1219 | D:2      | Found an ornate altar of the Wu Jian Council.
  1251 | D:2      | Reached XP level 3. HP: 19/19 MP: 2/6
  1258 | D:2      | Learned a level 3 spell: Stone Arrow
  1920 | D:3      | Reached XP level 4. HP: 24/24 MP: 3/8
  1970 | D:3      | Reached skill level 1 in Shields
  2092 | D:3      | Found a shadowy altar of Dithmenos.
  2435 | D:3      | Found a faded altar of an unknown god.
  2577 | D:3      | Found a blossoming altar of Fedhas.
  2759 | D:3      | Found a radiant altar of Vehumet.
  2793 | D:3      | Became a worshipper of Vehumet
  2829 | D:3      | Identified the +0 robe of Murocw {Int+4}
  2974 | D:4      | Noticed a phantom
  2975 | D:4      | Noticed an orc warrior
  2979 | D:4      | Killed a phantom
  2980 | D:4      | Reached XP level 5. HP: 23/28 MP: 3/9
  3135 | D:4      | Killed an orc warrior
  3136 | D:4      | Reached skill level 5 in Earth Magic
  3136 | D:4      | Reached XP level 6. HP: 28/32 MP: 3/11
  3252 | D:4      | Noticed a wyvern
  3259 | D:4      | HP: 1/32 [wyvern (7)]
  3260 | D:4      | Slain by a wyvern

Illustrated notes

Levels and vault maps discovered:
D:1:      wander_arrival_lonely_grave, layout_basic
D:2:      layout_rooms, basic_altar
D:3:      layout_basic, vehumet_altar_wand_db, mainiacjoe_overflow_alcove_1,
          nicolae_dithmenos_shadow_blocks, ebering_ecumenical_altar_webs,
          chequers_hall_statues_wall_a
D:4:      layout_rooms, minmay_temple_entry_glassed_door, kennysheep_path_1,
          uniq_grinder, uniq_sigmund

Skill      XL: |  1  2  3  4  5 |
---------------+----------------+-----
Earth Magic    | 4 5 |  5.2
Conjurations   | 2 3 |  3.4
Shields        | 2 |  2.5
Spellcasting   | 3 |  3.4
Dodging        | |  1.5
Stealth        | |  2.1

Action                     |  1- 3 |  4- 6 || total
---------------------------+-------+-------++-------
  Melee: Unarmed           |     1 |       ||     1
         Dagger            |     6 |       ||     6
   Cast: Sandblast         |    58 |    49 ||   107
         Stone Arrow       |       |     3 ||     3
   Stab: Sleeping          |     1 |       ||     1
 Armour: Robe              |    24 |    20 ||    44
  Dodge: Dodged            |    14 |    20 ||    34
  Block: Buckler           |     2 |     8 ||    10

Table legend: (Time is in decaauts)
 A = Elapsed time spent in this place.
 B = Non-inter-level travel time spent in this place.
 C = Inter-level travel time spent in this place.
 D = Time resting spent in this place.
 E = Time spent auto-exploring this place.
 F = Levels seen in this place.
 G = Mean time per level.
                   A        B        C        D        E       F      G
               +--------+--------+--------+--------+--------+-----+--------+
         Total |   3313 |   3203 |    110 |    139 |   2658 |   4 |  828.2 |
       Dungeon |   3313 |   3203 |    110 |    139 |   2658 |   4 |  828.2 |
               +--------+--------+--------+--------+--------+-----+--------+

Top non-repeatable levels by time:
     D:3: 1234 daAuts
     D:1: 1158 daAuts
     D:2: 771 daAuts
     D:4: 148 daAuts
